 Dungeon Crawl Stone Soup version 0.30.0-29-ga12c61a403 (webtiles) character file.

Game seed: 3472561726958755008

0 McKennaii the Caller (level 1, 0/14 HPs)
             Began as a Demigod Summoner on June 8, 2023.
             Slain by a quokka (3 damage)
             ... on level 1 of the Dungeon.
             The game lasted 00:00:09 (24 turns).

McKennaii the Caller (Demigod Summoner)               Turns: 24, Time: 00:00:10

Health: 0/14       AC:  2    Str:  9    XL:     1   Next: 6%
Magic:  0/5        EV: 12    Int: 17    God:
Gold:   0          SH:  0    Dex: 14    Spells: 2/3 levels left

rFire   . . .        (no weapon)
rCold   . . .        (no shield)
rNeg    . . .        a - +0 robe
rPois   .            (no helmet)
rElec   .            (no cloak)
rCorr   .            (no gloves)
SInv    .            (no boots)
Will    .....        (no amulet)
Stlth   ++           (no ring)
HPRegen 0.22/turn    (no ring)
MPRegen 0.09/turn

%: no passive effects
@: no status effects
A: high MP 1, forlorn, divine attributes
a: no special abilities


You were on level 1 of the Dungeon.
You visited 1 branch of the dungeon, and saw 1 of its levels.

Inventory:

Armour
 a - a +0 robe (worn)
Potions
 b - a potion of magic


   Skills:
 - Level 1.7 Dodging
 - Level 1.7 Stealth
 + Level 1.8 Spellcasting
 + Level 3.6 Summonings


You had 2 spell levels left.
You knew the following spells:

 Your Spells              Type           Power      Damage    Failure   Level
a - Summon Small Mammal   Summ           52%        N/A       4%          1

Your spell library contained the following spells:

 Spells                   Type           Power      Damage    Failure   Level
 Call Imp                 Summ           26%        N/A       7%          2
 Call Canine Familiar     Summ           13%        N/A       14%         3
 Summon Guardian Golem    Hex/Summ       7%         N/A       28%         3
 Summon Lightning Spire   Summ/Air       7%         N/A       67%         4


Dungeon Overview and Level Annotations

Branches:
Dungeon (1/15)


Innate Abilities, Weirdness & Mutations

You have an increased reservoir of magic. (+10% MP)
You shall have no god before yourself.
Your divine heritage dramatically boosts your attributes as you level up.


Message History

You are too injured to fight recklessly!
Unknown command.
Casting: Summon Small Mammal (safe; 4% risk of failure)
Confirm with . or Enter, or press ? or * to list all spells.
Your bat barely misses the ball python.
The ball python bites you. The ball python grabs you.
The ball python constricts you.
Your bat hits the kobold.
The ball python bites you but does no damage.
The ball python constricts you.
* * * LOW HITPOINT WARNING * * *
The kobold misses your bat.
You escape the ball python's grasp.
The quokka attacks as you move away!
The quokka bites you but does no damage.
Your bat hits the ball python. x2; Your bat barely misses the ball python.
The ball python misses your bat. The ball python barely misses your bat.
The quokka bites you.
* * * LOW HITPOINT WARNING * * *
Your bat closely misses the ball python.
The kobold hits your bat but does no damage.
Your bat misses the ball python.
Casting: Summon Small Mammal (safe; 4% risk of failure)
Confirm with . or Enter, or press ? or * to list all spells.
Your bat disappears in a puff of smoke!
Your bat hits the ball python.
The ball python dies!
The ball python barely misses your bat. x2; The quokka barely misses you.
The kobold misses your bat.
Your bat closely misses the quokka.
The ball python bites your bat.
Your bat dies!
Your bat's corpse disappears in a puff of smoke!
The quokka attacks as you move away!
The quokka bites you but does no damage.
Your bat closely misses the quokka.
There is a fountain of clear blue water here.
Unknown command.
Casting: Summon Small Mammal (safe; 4% risk of failure)
Confirm with . or Enter, or press ? or * to list all spells.
Your bat hits the quokka but does no damage.
Your bat closely misses the quokka.
The quokka bites you.
You die...

###### . ..#..
..###.#.# .....#.#
######
......r####......
#.........#.##
#...@...⌠..... #
#...#.r###...# #.##
#bK'<#...# .
#.#####S.###......
....#.......§...⌠..##.
......................
##........K#..########
+.........##....
#.........##.....


You could see a quokka (ally target), a ball python (distracted), 2 kobolds, a
friendly bat (summoned) and a friendly rat (summoned).

Vanquished Creatures (collateral kills)
  A ball python (D:1)
1 creature vanquished.

Notes
Turn   | Place    | Note
-------+----------+-------------------------------------------
     0 | D:1      | McKennaii the Demigod Summoner began the quest for the Orb.
     0 | D:1      | Reached XP level 1. HP: 14/14 MP: 5/5
    24 | D:1      | Slain by a quokka

Illustrated notes

Levels and vault maps discovered:
D:1:      scummos_arrival_simple_fountains, layout_basic, serial_shops,
          nicolae_shop_crystal

Action                     || total
---------------------------++-------
  Melee: Unarmed           ||     4
   Cast: Summon Small Mamm ||     6
 Armour: Robe              ||     7
  Dodge: Dodged            ||    10
